 Dungeon Crawl Stone Soup version 0.29.0-4-gdea44cf6ec (webtiles) character file.

Game seed: 5527655184980597225

87 qw the Chopper (level 4, -4/26 HPs)
             Began as a Tengu Warper on Aug 28, 2022.
             Slain by a gnoll
             ... wielding a +0 flail
              (7 damage)
             ... on level 3 of the Dungeon.
             The game lasted 00:00:11 (1756 turns).

qw the Chopper (Tengu Warper)                       Turns: 1756, Time: 00:00:11

Health: -4/26      AC:  5    Str: 13    XL:     4   Next: 51%
Magic:  8/8        EV: 11    Int: 13    God:
Gold:   50         SH:  0    Dex: 14    Spells: 7/7 levels left

rFire   . . .      SeeInvis .   Y - +1 hand axe
rCold   . . .      Faith    .   (no shield)
rNeg    . . .      Spirit   .   g - +0 ring mail
rPois   .          Reflect  .   (helmet restricted)
rElec   .          Harm     .   (no cloak)
rCorr   .          Rampage  .   (no gloves)
Will    .....                   (boots unavailable)
Stlth   +.........              (no amulet)
HPRegen 0.08/turn               (no ring)
MPRegen 0.11/turn               (no ring)

@: about to teleport
A: beak, talons 3
a: no special abilities


You were on level 3 of the Dungeon.
You visited 1 branch of the dungeon, and saw 3 of its levels.

You collected 116 gold pieces.
You spent 66 gold pieces at shops.


Innate Abilities, Weirdness & Mutations

You have a beak for a mouth.
You have claws for feet.


   Skills:
 - Level 2.0 Fighting
 + Level 5.1 Axes
 - Level 1.0 Throwing
 - Level 1.1 Armour
 - Level 2.1 Dodging
 - Level 2.0 Spellcasting
 - Level 2.4 Translocations


You had 7 spell levels left.
You didn't know any spells.
Your spell library contained the following spells:

 Spells                   Type           Power      Damage    Failure   Level
 Blink                    Tloc           14%        N/A       30%         2
 Gell's Gravitas          Tloc           7%         N/A       52%         3
 Lesser Beckoning         Tloc           7%         N/A       52%         3
 Teleport Other           Tloc           7%         N/A       52%         3
 Manifold Assault         Tloc           7%         N/A       99%         5

Inventory:

Hand Weapons
 a - a +0 whip
 Y - a +1 hand axe (weapon)
Armour
 g - a +0 ring mail (worn)
 j - a +0 cloak
Scrolls
 f - a scroll of identify
 i - a scroll of teleportation
 l - a scroll of torment {unknown}
Potions
 b - a potion of berserk rage {unknown}
 c - a potion of invisibility {unknown}
 d - a potion of curing {unknown}
 e - 2 potions of flight {unknown}
 h - a potion of heal wounds {unknown}
 k - a potion of lignification {unknown}

Dungeon Overview and Level Annotations

Branches:
Dungeon (3/15)

Altars:
Ashenzari

Shops:
D:3 *(


Message History

You hit the worm.
The worm is moderately wounded.
You hit the worm. You peck the worm.
The worm is severely wounded.
The worm barely misses you.
You slash the worm!
You kill the worm!
There is an open door here.
Found a stone staircase leading up.
Enter note: Jessica the Apprentice Sorceress comes into view.
She is wielding a +0 club.
Found a whip.
A gnoll comes into view. It is wielding a +0 spear.
There is an open door here.
A gnoll comes into view. It is wielding a +0 flail.
Found a sling.
The gnoll shouts! x2
Jessica mumbles some strange words.
Jessica blinks!
A gnoll comes into view. It is wielding a +0 spear. x2
The gnoll shouts! x2
Jessica hits you with a +0 club.
You hit Jessica. You claw Jessica.
Jessica is severely wounded.
Jessica casts a spell at you. Pain shoots through your body!
You hit Jessica.
You kill Jessica!
You hit the gnoll. The gnoll closely misses you.
Your Axes skill increases to level 5!
You hit the gnoll but do no damage. Your kick misses the gnoll.
Your peck misses the gnoll.
The gnoll is moderately wounded.
The gnoll hits you with a +0 flail!
1756 ||| READING 2 scrolls of teleportation.
As you read the scroll of teleportation, it crumbles to dust.
You feel strangely unstable. The gnoll hits you with a +0 flail!
You die...

#...........#
#......._...#
#...........# ####
#.......~...+ ..<..
#...........####...).
#...#'##+#'##........
#.#.#....#..'.......)
#####.#.#.#..#.##........
......#......#..@.g......
......##.#...#.)g..g.....
...[..#.........#.g...#..
#####.#..####...#.....# .
#....#..# ...........#
#.#..#..#.###........#
##.#....## #.....##.#
........# ... ..# ..
............


You could see 4 gnolls.

Vanquished Creatures
  Jessica (D:3)
  An adder (D:2)
  3 worms
  6 ball pythons
  7 endoplasms
  2 giant cockroaches
  A goblin (D:2)
  3 hobgoblins
  3 quokkas
  4 bats
  8 kobolds
  2 rats
41 creatures vanquished.

Notes
Turn   | Place    | Note
-------+----------+-------------------------------------------
     0 | D:1      | qw the Tengu Warper began the quest for the Orb.
     0 | D:1      | Reached XP level 1. HP: 12/12 MP: 4/4
     0 | D:1      | 0 ||| qw: Version: 0.1-a-89-g26bdef1
     0 | D:1      | 0 ||| qw: Game counter: 2158
     0 | D:1      | 0 ||| qw: Always use a shield: true
     0 | D:1      | 0 ||| qw: God list: Okawaru
     0 | D:1      | 0 ||| qw: Allow faded altars: false
     0 | D:1      | 0 ||| qw: Do Orc after D:15 true
     0 | D:1      | 0 ||| qw: Do second Lair branch before Depths: true
     0 | D:1      | 0 ||| qw: Lair rune preference: random
     0 | D:1      | 0 ||| qw: Plans: Normal
     0 | D:1      | 0 ||| PLANNING D:1-11
   125 | D:1      | Reached skill level 3 in Axes
   125 | D:1      | Reached XP level 2. HP: 12/17 MP: 6/6
   708 | D:1      | 708 ||| UPGRADING to +0 ring mail.
   718 | D:1      | 718 ||| DROPPING +0 leather armour.
   719 | D:1      | 719 ||| READING scroll labelled HAURHUTEED.
   720 | D:1      | 720 ||| READING scroll labelled UQURIMU FELA.
   721 | D:1      | 721 ||| READING scroll labelled URASSIUGGE.
   722 | D:1      | 722 ||| DROPPING scroll of blinking.
   768 | D:2      | Reached XP level 3. HP: 21/21 MP: 7/7
   813 | D:2      | 813 ||| Stepping ~*~*~tactically~*~*~ (stealth).
   815 | D:2      | 815 ||| Stepping ~*~*~tactically~*~*~ (stealth).
   818 | D:2      | 818 ||| Stepping ~*~*~tactically~*~*~ (stealth).
   826 | D:2      | Reached skill level 4 in Axes
   830 | D:2      | 830 ||| FLEEEEING.
   878 | D:2      | 878 ||| FLEEEEING.
   879 | D:2      | 879 ||| FLEEEEING.
   880 | D:2      | 880 ||| FLEEEEING.
   881 | D:2      | 881 ||| FLEEEEING.
   882 | D:2      | 882 ||| FLEEEEING.
   883 | D:2      | 883 ||| FLEEEEING.
   884 | D:2      | 884 ||| FLEEEEING.
   886 | D:2      | 886 ||| FLEEEEING.
  1168 | D:2      | 1168 ||| Stepping ~*~*~tactically~*~*~ (stealth).
  1601 | D:2      | 1601 ||| READING 2 scrolls labelled KIARGH LYON.
  1602 | D:2      | 1602 ||| READING scroll labelled QIEDGH EQ DUIGA.
  1603 | D:2      | 1603 ||| READING 3 scrolls labelled MIGHUBRUPI.
  1608 | D:2      | 1608 ||| READING scroll labelled RURRAU EHASUR.
  1609 | D:2      | 1609 ||| READING scroll labelled CIEMO ORAE.
  1610 | D:2      | 1610 ||| DROPPING scroll of poison.
  1617 | D:3      | Found Xangocaff's Assorted Antiques.
  1622 | D:3      | 1622 ||| BUYING bubbling sapphire potion (20 gold).
  1622 | D:3      | Bought a bubbling sapphire potion for 20 gold pieces
  1622 | D:3      | 1622 ||| SHOPLISTING chain mail (103 gold, have 73).
  1622 | D:3      | 1622 ||| BUYING scroll of identify (46 gold).
  1622 | D:3      | Bought a scroll of identify for 46 gold pieces
  1677 | D:3      | Found Kuboil's Antique Weapon Boutique.
  1691 | D:3      | 1691 ||| SHOPLISTING encrusted hand axe (160 gold, have
                  | 50).
  1691 | D:3      | 1691 ||| SHOPLISTING runed war axe (130 gold, have 50).
  1712 | D:3      | Reached XP level 4. HP: 26/26 MP: 8/8
  1734 | D:3      | Found a broken altar of Ashenzari.
  1750 | D:3      | Noticed Jessica
  1754 | D:3      | Killed Jessica
  1755 | D:3      | Reached skill level 5 in Axes
  1755 | D:3      | HP: 3/26 [gnoll/+0 flail (10)]
  1756 | D:3      | 1756 ||| READING 2 scrolls of teleportation.
  1756 | D:3      | Slain by a gnoll

Levels and vault maps discovered:
D:1:      dpeg_arrival_boxes_within_box, layout_basic
D:2:      layout_basic, minmay_hexomino_u4
D:3:      layout_basic, slow_altar_2, grunt_temple_overflow_open,
          mainiacjoe_overflow_tiny_flanked, serial_shops, nicolae_diamond_shop,
          nicolae_shop_hallway_stairs, nicolae_diamond_shop, shop,
          shapermc_ecumenical_altar_gd, kennysheep_generic_room_8, uniq_jessica,
          uniq_ijyb

Skill      XL: |  1  2  3  4 |
---------------+-------------+-----
Axes           | 3 4 5 |  5.1
Fighting       | |  2.0
Throwing       | |  1.0
Armour         | |  1.1
Dodging        | |  2.1
Spellcasting   | |  2.0
Translocations | |  2.4

Action                   |  1- 3 |  4- 6 || total
-------------------------+-------+-------++-------
Melee: Hand axe          |    76 |     6 ||    82
       Peck              |     8 |     1 ||     9
       Kick              |    18 |     1 ||    19
       Punch             |     1 |       ||     1
Throw: Boomerang         |     7 |       ||     7
  Use: Scroll            |     8 |     1 ||     9
Armor: Leather armour    |     6 |       ||     6
       Ring mail         |    13 |       ||    13
Dodge: Dodged            |    35 |     2 ||    37

Table legend:
 A = Non-vault XP
 B = Vault XP
 C = Vault XP percentage of total XP
 D = Non-vault monster count
 E = Vault monster count
 F = Vault count percentage of total count
                 A         B        C        D         E       F
            +---------+---------+-------+---------+---------+-------
      Total |      72 |      53 |  42.4 |      34 |       7 |  17.1
            +---------+---------+-------+---------+---------+-------
        D:1 |      33 |       0 |   0.0 |      20 |       0 |   0.0
        D:2 |      28 |      16 |  36.4 |      10 |       6 |  37.5
        D:3 |      11 |      37 |  77.1 |       4 |       1 |  20.0
            +---------+---------+-------+---------+---------+-------
